 Dungeon Crawl Stone Soup version 0.13-a0-3140-gbdcfb35 (webtiles) character file.

291 Kae the Ruinous (level 5, -1/28 HPs)
             Began as a Tengu Fire Elementalist on Sept 22, 2013.
             Was a Follower of Vehumet.
             Slain by a green rat (4 damage)
             ... in a sewer.
             The game lasted 00:06:20 (2965 turns).

Kae the Ruinous (Tengu Fire Elementalist)           Turns: 2965, Time: 00:06:20

HP  -1/28        AC  2     Str  8      XL: 5   Next: 43%
MP   3/11        EV 12     Int 16      God: Vehumet [*.....]
Gold 129         SH  0     Dex 15      Spells:  1 memorised,  7 levels left

Res.Fire  : . . .   See Invis. : .   (no weapon)
Res.Cold  : . . .   Warding    : .   a - +0 robe
Life Prot.: . . .   Conserve   : .   (no shield)
Res.Poison: .       Res.Corr.  : .   (helmet restricted)
Res.Elec. : .       Clarity    : .   (no cloak)
Sust.Abil.: . .     Spirit.Shd : .   (no gloves)
Res.Mut.  : .       Stasis     : .   (boots unavailable)
Res.Rott. : .       Flight     : .   (no amulet)
Saprovore : . . .                    (no ring)
                                     (no ring)

@: very slightly contaminated, slightly resistant to hostile enchantments,
fairly stealthy
A: able to fly, beak, talons 3
a: Fly, Renounce Religion


You were in a sewer.
You worshipped Vehumet.
Vehumet was aware of your devotion.
You were very hungry.

You visited 1 branch of the dungeon, and saw 3 of its levels.
You also visited: Sewer.

You collected 109 gold pieces.

Inventory:

Missiles
 d - 103 darts (quivered)
Armour
 a - a +0 robe (worn)
Magical devices
 h - a wand of confusion (4)
Comestibles
 c - 3 bread rations
 f - a meat ration
 i - an apple
Scrolls
 g - a scroll of random uselessness {unknown}
 m - a scroll of enchant weapon I {unknown}
 n - 2 scrolls of remove curse {unknown}
Jewellery
 k - a cursed ring of teleportation {unknown}
Potions
 e - a potion of curing
 j - a potion of paralysis {unknown}
 l - a potion of cure mutation {unknown}
Books
 b - a book of Flames

   Spells                             Type                      Level
   *Flame Tongue                      Conjuration/Fire             1
   Throw Flame                        Conjuration/Fire             2
   Conjure Flame                      Conjuration/Fire             3
   Inner Flame                        Hexes/Fire                   3
   Sticky Flame                       Conjuration/Fire             4
   Fireball                           Conjuration/Fire             5


   Skills:
 - Level 2.1 Dodging
 - Level 2.0 Stealth
 + Level 2.1 Spellcasting
 * Level 4.7 Conjurations
 + Level 4.5 Fire Magic


You had 7 spell levels left.
You knew the following spells:

 Your Spells              Type           Power        Failure   Level  Hunger
a - Flame Tongue          Conj/Fire      ###..        3%          1    #......


Dungeon Overview and Level Annotations

Branches:
Dungeon (3/27)

Altars:
Elyvilon
Vehumet
Xom

Annotations:
D:1 exclusion: 2 doors
D:2 Crazy Yiuf


Innate Abilities, Weirdness & Mutations

You can fly.
You have a beak for a mouth.
You have claws for feet.


Message History

The flame misses the green rat.
The green rat bites you!
* * * LOW HITPOINT WARNING * * *
Casting: Flame Tongue
Confirm with . or Enter, or press ? or * to list all spells.
Aiming: Flame Tongue
Press: ? - help, Shift-Dir - straight line, f/p - green rat
Aim: a green rat (heavily wounded)
The flame hits the green rat.
The green rat appears unharmed.
The green rat is heavily wounded.
The green rat bites you.
* * * LOW HITPOINT WARNING * * *
Casting: Flame Tongue
Confirm with . or Enter, or press ? or * to list all spells.
Aiming: Flame Tongue
Press: ? - help, Shift-Dir - straight line, f/p - green rat
Aim: a green rat (heavily wounded)
The flame hits the green rat.
The green rat is severely wounded.
The green rat bites you.
You die...

######## ###
#....≈≈# ##.≈
#..#..≈########.≈≈
#@##...........≈≈≈
#r################
#l..≈≈≈≈≈≈
#..≈≈≈.≈≈
#≈≈≈≈.### ≈≈≈..##
≈≈#### ≈## #≈


You could see a green rat and a giant newt.

Vanquished Creatures
  Jessica (D:3)
  4 gnolls (D:2)
  4 adders
  A giant mite (D:3)
  A worm (D:2)
  A grey rat (Sewer)
  A giant gecko (D:3)
  2 oozes
  7 giant cockroaches
  3 goblins
  6 hobgoblins
  8 kobolds
  A quokka (D:3)
  5 bats
  2 giant newts
  10 rats
57 creatures vanquished.

Notes
Turn   | Place    | Note
--------------------------------------------------------------
     0 | D:1      | Kae, the Tengu Fire Elementalist, began the quest for the Orb.
     0 | D:1      | Reached XP level 1. HP: 10/10 MP: 3/3
    49 | D:1      | Found a white marble altar of Elyvilon.
    49 | D:1      | Found a shimmering altar of Xom.
    49 | D:1      | Noticed a troll
   322 | D:1      | Reached XP level 2. HP: 7/15 MP: 0/5
   853 | D:2      | Reached XP level 3. HP: 12/19 MP: 0/7
  1118 | D:2      | Found a radiant altar of Vehumet.
  1132 | D:2      | Became a worshipper of Vehumet
  1430 | D:2      | Reached XP level 4. HP: 11/24 MP: 1/9
  1663 | D:2      | Reached skill level 4 in Fire Magic
  2009 | D:2      | Noticed Crazy Yiuf
  2352 | D:3      | Reached XP level 5. HP: 18/28 MP: 4/11
  2470 | D:3      | Noticed Jessica
  2482 | D:3      | Killed Jessica
  2691 | D:3      | Found a glowing drain.
  2701 | Sewer    | Entered a sewer
  2944 | Sewer    | Acquired Vehumet's first power
  2944 | Sewer    | Offered knowledge of Magic Dart by Vehumet.
  2965 | Sewer    | Slain by a green rat

Action                   |  1- 3 |  4- 6 || total
-------------------------+-------+-------++-------
Melee: Unarmed           |     8 |     1 ||     9
 Cast: Flame Tongue      |    51 |    87 ||   138
  Use: Potion            |     2 |       ||     2
       Scroll            |       |     4 ||     4
